 Dungeon Crawl Stone Soup version 0.27-a0-1312-g5cdb2b3542 (webtiles) character file.

Game seed: 17685784658541849008

77974 junkies the Geomancer (level 15, -4/149 HPs)
             Began as a Vampire Earth Elementalist on June 19, 2021.
             Was an Elder of Sif Muna.
             Slain by a freezing wraith (23 damage)
             ... on level 13 of the Dungeon.
             The game lasted 03:27:59 (36841 turns).

junkies the Geomancer (Vampire Earth Elementalist) Turns: 36841, Time: 03:27:59

Health: -4/149     AC: 33    Str:  9    XL:     15   Next: 16%
Magic:  5/30       EV: 16    Int: 22    God:    Sif Muna [****..]
Gold:   1456       SH:  0    Dex: 15    Spells: 6/37 levels left

rFire    . . .     SeeInvis +   S - +8 demon trident (freeze)
rCold    . . .     Faith    .   (no shield)
rNeg     + . .     Spirit   .   (armour currently unavailable)
rPois    ∞         Reflect  .   s - +1 helmet
rElec    +         Harm     .   (no cloak)
rCorr    .         Rampage  .   (gloves currently unavailable)
Will     +....                  (boots currently unavailable)
Stlth    ++........             (no amulet)
HPRegen  0.54/turn              f - ring of poison resistance
MPRegen  0.22/turn              a - +4 ring of protection

@: statue-form, healing quickly, slowed, studying 2 skills, very slow
A: slow and powerful, torment resistance 1, boosted hp, alive, fangs 3, see
invisible, vampiric 2
a: Exsanguinate, End Transformation, Renounce Religion, Channel Magic, Forget
Spell, Divine Exegesis


You were on level 13 of the Dungeon.
You worshipped Sif Muna.
Sif Muna was greatly pleased with you.
You were a living statue of rough stone.
You visited 2 branches of the dungeon, and saw 20 of its levels.
You also visited: Ice Cave and Volcano.

You collected 1456 gold pieces.

Inventory:

Hand Weapons
 e - a +3 dagger of venom
 o - the +3 long sword of the Sybil {vamp, *Rage rElec Str-5 Int+8}
   (You found it on level 5 of the Dungeon)

   It inflicts no extra harm, but heals its wielder when it wounds a living foe.
   It affects your strength (-5).
   It affects your intelligence (+8).
   It insulates you from electricity.
   It may make you go berserk in combat.
 E - the +6 dagger "Killer Klown's Regret" {freeze, rC+ rN+}
   (You found it on level 8 of the Dungeon)

   It has been specially enchanted to freeze those struck by it, causing extra
   injury to most foes and up to half again as much damage against particularly
   susceptible opponents.
   It can also slow down cold-blooded creatures.
   It protects you from cold.
   It protects you from negative energy.
 H - a +3 scimitar of flaming
 S - a +8 demon trident of freezing (weapon)
Missiles
 k - 81 poisoned darts
 l - 155 sling bullets
 m - 362 stones (quivered)
 J - 3 throwing nets
 M - 9 curare-tipped darts
Armour
 s - a +1 helmet (worn)
 y - +0 steam dragon scales (melded)
 z - +0 acid dragon scales
 C - a +0 leather armour of cold resistance
 I - a +0 pair of boots (melded)
Jewellery
 a - a +4 ring of protection (right fist)
 f - a ring of poison resistance (left fist)
 q - the ring "Anaseo" {Dex+4 Slay+4}
   (You found it on level 5 of the Dungeon)

   [ring of slaying]

   It affects your dexterity (+4).
   It affects your accuracy and damage with ranged weapons and melee attacks
   (+4).
 t - a ring of protection from fire
 D - a +4 ring of evasion
 F - a ring of protection from cold
Wands
 j - a wand of iceblast (6)
 u - a wand of flame (108)
 w - a wand of mindburst (16)
 x - a wand of acid (17)
 G - a wand of charming (15)
 K - a wand of digging (4)
 L - a wand of paralysis (7)
Scrolls
 b - a scroll of summoning
 g - 6 scrolls of magic mapping
 h - 5 scrolls of enchant armour
 n - 6 scrolls of fog
 N - a scroll of amnesia
 R - 2 scrolls of teleportation
Potions
 c - a potion of might
 d - a potion of cancellation
 i - a potion of magic
 p - 4 potions of heal wounds
 r - a potion of resistance
 v - a potion of invisibility
 A - 6 potions of curing
 O - 2 potions of haste


   Skills:
 + Level 10.2 Fighting
 * Level 7.0 Polearms
 - Level 8.0 Dodging
 - Level 3.0 Stealth
 + Level 11.7 Spellcasting
 - Level 6.3 Conjurations
 + Level 7.8 Necromancy
 - Level 11.1 Transmutations
 - Level 3.9 Fire Magic
 - Level 11.8 Earth Magic


You had 6 spell levels left.
You knew the following spells:

 Your Spells              Type           Power      Damage    Failure   Level
a - Sandblast             Erth           100%       2d20      1%          1
b - Stone Arrow           Conj/Erth      100%       3d13      1%          3
c - Animate Skeleton      Necr           94%        N/A       1%          1
d - Passwall              Tmut/Erth      49%        N/A       1%          2
e - Lee's Rapid Deconstr  Erth           30%        3d17*     1%          5
f - Sticky Flame          Conj/Fire      35%        2d5       6%          4
g - Animate Dead          Necr           23%        N/A       1%          4
h - Statue Form           Tmut/Erth      39%        N/A       7%          6
i - Borgnjor's Vile Clut  Necr/Erth      27%        N/A       2%          5

Your spell library contained the following spells:

 Spells                   Type           Power      Damage    Failure   Level
 Foxfire                  Conj/Fire      100%       2x1d9     1%          1
 Magic Dart               Conj           100%       1d8       1%          1
 Pain                     Necr           100%       1d9       1%          1
 Sting                    Tmut/Pois      100%       1d8       1%          1
 Searing Ray              Conj           80%        3d6       1%          2
 Static Discharge         Conj/Air       26%        N/A       1%          2
 Conjure Flame            Conj/Fire      35%        6-21      1%          3
 Ignite Poison            Fire/Tmut/Pois 35%        N/A       1%          3
 Vampiric Draining        Necr           23%        2d9       1%          3
 Petrify                  Tmut/Erth      59%        N/A       1%          4
 Blade Hands              Tmut           29%        N/A       1%          5
 Apportation              Tloc           24%        N/A       4%          1
 Corona                   Hex            13%        N/A       4%          1
 Freeze                   Ice            48%        1d7       4%          1
 Summon Small Mammal      Summ           48%        N/A       4%          1
 Dazzling Flash           Conj/Hex       52%        N/A       4%          3
 Leda's Liquefaction      Hex/Erth       19%        N/A       4%          4
 Irradiate                Conj/Tmut      25%        3d21      4%          5
 Mephitic Cloud           Conj/Pois/Air  22%        N/A       6%          3
 Agony                    Necr           47%        N/A       6%          5
 Excruciating Wounds      Necr           23%        N/A       6%          5
 Inner Flame              Hex/Fire       21%        N/A       7%          3
 Poisonous Vapours        Pois/Air       24%        N/A       8%          2
 Slow                     Hex            12%        N/A       8%          2
 Fulminant Prism          Conj/Hex       13%        3d9       14%         4
 Hailstorm                Conj/Ice       26%        3d7       14%         4
 Iskenderun's Mystic Bla  Conj/Tloc      26%        2d7       14%         4
 Alistair's Intoxication  Tmut/Pois      24%        N/A       14%         5
 Yara's Violent Unravell  Hex/Tmut       18%        3d9       14%         5
 Frozen Ramparts          Ice            24%        1d4       16%         3
 Lesser Beckoning         Tloc           6%         N/A       16%         3
 Ozocubu's Armour         Ice            12%        N/A       16%         3
 Portal Projectile        Hex/Tloc       24%        N/A       16%         3
 Fireball                 Conj/Fire      17%        3d9       17%         5
 Lightning Bolt           Conj/Air       13%        1d26      36%         5
 Cause Fear               Hex            6%         N/A       45%         4
 Olgreb's Toxic Radiance  Pois           12%        N/A       45%         4
 Passage of Golubria      Tloc           N/A        N/A       45%         4
 Eringya's Noxious Bog    Tmut/Pois      18%        N/A       61%         6
 Metabolic Englaciation   Hex/Ice        6%         N/A       80%         5
 Dragon Form              Tmut           29%        N/A       41%         7
 Storm Form               Tmut/Air       18%        N/A       99%         7
 Summon Hydra             Summ           6%         N/A       100%        7
 Ignition                 Fire           15%        3d6       100%        8
 Polar Vortex             Ice            6%         N/A       100%        9
 Shatter                  Erth           30%        3d25*     100%        9


Dungeon Overview and Level Annotations

Branches:
Dungeon (14/15)            Temple (0/1) D:7            Lair (6/6) D:9
  Swamp (0/4) Lair:3        Snake (0/4) Lair:3        Slime (0/5) Lair:5
    Orc (0/2) D:11          IceCv (visited)         Volcano (visited)
 Vaults: D:13-14

Altars:
Kikubaaqudgha
Sif Muna
Beogh
Jiyva

Annotations:
D:5 3 runed translucent doors, lessens's ghost, weakling DgDe
D:6 2 transporters, DocClef's ghost, novice DsFi
Lair:3 Rupert


Innate Abilities, Weirdness & Mutations

You are a living statue of rough stone.
Your actions are slow, but your melee attacks are powerful.
You are resistant to unholy torment.
Your maximum health is greatly increased.
You are immune to poison.
Your equipment is partially melded.
Your natural rate of healing is accelerated.
You have razor-sharp teeth.
You have supernaturally acute eyesight. (SInv)
You are afflicted with vampirism and can become a bat while bloodless.


Message History

The blast of rock fragments hits the freezing wraith!
The freezing wraith is severely damaged.
The freezing wraith hits you but does no damage.
The freezing wraith misses you.
The ironbound preserver hits you with a +0 flail!
The freezing wraith hits you but does no damage.
The freezing wraith barely misses you.
The ironbound preserver hits you but does no damage.
Casting: Lee's Rapid Deconstruction (mildly dangerous; 1% risk of failure)
Confirm with . or Enter, or press ? or * to list all spells.
Okay, then.
Casting: Lee's Rapid Deconstruction (mildly dangerous; 1% risk of failure)
Confirm with . or Enter, or press ? or * to list all spells.
Aiming: Passwall (safe; 1% risk of failure)
Press: ? - help, Dir - move target A rock wall.
The freezing wraith misses you. The freezing wraith closely misses you.
The ironbound preserver completely misses you.
You begin to meditate on the wall.
You continue meditating on the rock.
The freezing wraith barely misses you.
The freezing wraith hits you but does no damage.
The ironbound preserver casts a spell.
The ironbound preserver begins to accept its allies' injuries.
The freezing wraith hits you. The freezing wraith freezes you!
The freezing wraith hits you! The freezing wraith drains your vigour!
You feel yourself slow down.
The ironbound preserver hits you with a +0 flail.
You continue meditating on the rock.
The freezing wraith hits you! The freezing wraith freezes you!!
* * * LOW HITPOINT WARNING * * *
The freezing wraith hits you but does no damage.
The ironbound preserver hits you but does no damage.
The freezing wraith closely misses you.
The freezing wraith hits you but does no damage.
The ironbound preserver closely misses you.
You continue meditating on the rock.
The freezing wraith hits you!
* * * LOW HITPOINT WARNING * * *
The freezing wraith freezes you!!
You die...

#.# #...#
#.....).....§ #.#
#...#
#.)####...##. #.#
#...# #[.#
#...### #.###...#
#..# #...# #
#.......# #..#
#...# # #.......#
#..# #...# #
######..# #..#
#...# # #W.# #[.#
#...# # #p8# #..#
#...# # #..# #<.#
#...# # #..# #..#
#...# #
#..####..# #..<#
# #........#
#...# #
#.#####..####...#
# #.#
#.........### #.#
#.).......(.. #.#
#............


You could see an ironbound preserver and a freezing wraith (sheltered).

Vanquished Creatures
  Kirke (Lair:5)
  14 hydras
  Harold (Lair:2)
  3 boulder beetles
  2 centaur warriors (D:13)
  2 two-headed ogres
  Erica (D:7)
  5 catoblepae
  15 death yaks
  2 tengu warriors (D:13)
  Sonja (Lair:3)
  Urug (Lair:6)
  3 skeletal warriors
  An obsidian statue (D:13)
  Pikel (D:7)
  A deep elf pyromancer (D:13)
  5 manticores
  2 cyclopes
  2 ugly things
  A salamander (Volcano)
  2 centaur zombies
  2 black mambas (Lair:5)
  12 cane toads
  5 elephants
  2 efreet
  9 komodo dragons
  9 rime drakes
  4 kobold demonologists (D:12)
  6 slime creatures
  2 trolls
  3 polar bears
  20 blink frogs
  6 dream sheep (Lair:5)
  2 shadows (D:12)
  13 wyverns
  3 wraiths
  A vampire (D:13)
  42 yaks
  4 hogs (Lair:5)
  2 steam dragons (D:7)
  A vampire mosquito (D:14)
  10 basilisks
  A naga (Lair:3)
  Duvessa (D:4)
  2 acid dragons
  10 water moccasins
  A swamp drake (Lair:4)
  2 orc warriors
  6 ice beasts
  A necrophage (D:5)
  A sky beast (D:6)
  A black bear (D:6)
  2 ogres
  18 wolves
  2 centaurs
  4 lemures
  7 kobold brigands
  A phantom (D:4)
  23 bullfrogs
  A gnoll sergeant (D:9)
  2 wyvern zombies
  A scorpion (D:6)
  Dowan (D:4)
  A water moccasin zombie (D:5)
  6 killer bees
  3 wights (D:7)
  A howler monkey (D:9)
  3 bullfrog zombies
  7 orc priests
  7 hounds
  A centaur skeleton (D:5)
  2 jellies
  2 iguanas
  Terence (D:2)
  13 orc wizards
  7 hell rats
  Natasha (D:2)
  2 killer bee zombies (D:7)
  A hound zombie (D:5)
  A hound skeleton (D:5)
  A howler monkey zombie (D:7)
  9 gnolls
  A howler monkey skeleton (D:4)
  5 adders
  A shadow imp (D:8)
  2 white imps
  An ufetubus (D:4)
  An adder zombie (D:5)
  2 adder skeletons
  2 worms (D:4)
  5 dart slugs
  30 orcs
  9 endoplasms
  2 giant cockroaches
  12 goblins
  7 hobgoblins
  A jackal (D:4)
  5 quokkas
  2 ball pythons
  2 bats
  5 frilled lizards
  28 kobolds
  8 rats
  4 bushes (Lair:2)
516 creatures vanquished.

Vanquished Creatures (collateral kills)
  A yak (Lair:2)
  3 hogs (Lair:5)
  4 wolves (Lair:3)
  A bullfrog (Lair:2)
9 creatures vanquished.

Vanquished Creatures (others)
  61 fungi
  99 plants
  4 withered plants (D:5)
164 creatures vanquished.

Grand Total: 689 creatures vanquished

Notes
Turn   | Place    | Note
-------+----------+-------------------------------------------
     0 | D:1      | junkies the Vampire Earth Elementalist began the quest for
                  | the Orb.
     0 | D:1      | Reached XP level 1. HP: 13/13 MP: 3/3
   419 | D:1      | Reached XP level 2. HP: 19/19 MP: 3/5
   568 | D:1      | Found a faded altar of an unknown god.
   596 | D:1      | Became a worshipper of Sif Muna the Loreminder
   596 | D:1      | Reached * piety under Sif Muna
  1239 | D:2      | Noticed Terence
  1328 | D:2      | Noticed Natasha
  1883 | D:2      | Gained mutation: You are afflicted with vampirism and can
                  | become a bat while bloodless. [Vampire growth]
  1883 | D:2      | Reached XP level 3. HP: 22/24 MP: 5/7
  1892 | D:2      | Learned a level 3 spell: Stone Arrow
  2798 | D:2      | Killed Terence
  2799 | D:2      | Reached XP level 4. HP: 26/30 MP: 9/9
  3112 | D:3      | Reached ** piety under Sif Muna
  3653 | D:2      | Killed Natasha
  4008 | D:4      | Noticed a yak
  4009 | D:4      | Noticed a yak
  4219 | D:4      | Noticed Duvessa
  4273 | D:3      | Reached XP level 5. HP: 35/35 MP: 4/11
  4453 | D:2      | Learned a level 1 spell: Animate Skeleton
  4544 | D:4      | Noticed a yak
  4590 | D:4      | Noticed a phantom
  4633 | D:4      | Killed a phantom
  4634 | D:4      | Reached skill level 1 in Conjurations
  4634 | D:4      | Reached skill level 1 in Necromancy
  4670 | D:5      | Entered Level 5 of the Dungeon
  4670 | D:5      | Found an ancient bone altar of Kikubaaqudgha.
  4688 | D:5      | Identified the ring "Anaseo" {Dex+4 Slay+4}
  4742 | D:5      | Noticed a necrophage
  4742 | D:5      | Noticed a two-headed ogre
  4770 | D:4      | Reached XP level 6. HP: 21/41 MP: 8/12
  5137 | D:4      | Killed a yak
  5138 | D:4      | Reached skill level 5 in Earth Magic
  5141 | D:4      | Learned a level 2 spell: Passwall
  5192 | D:4      | Noticed a yak
  5347 | D:4      | Killed a yak
  5348 | D:4      | Reached XP level 7. HP: 46/46 MP: 13/13
  5439 | D:4      | Killed a yak
  5494 | D:4      | Killed a yak
  5770 | D:5      | Found a runed translucent gate.
  5773 | D:5      | Found a runed translucent gate.
  5944 | D:5      | Found a runed translucent gate.
  5946 | D:5      | Noticed lessens's ghost (weakling DgDe)
  6161 | D:5      | Reached XP level 8. HP: 52/52 MP: 9/14
  6258 | D:5      | Identified the +3 long sword of the Sybil {vamp, *Rage
                  | rElec Str-5 Int+8}
  6620 | D:4      | Killed Duvessa
  6620 | D:4      | Noticed Dowan
  6621 | D:4      | Reached skill level 5 in Conjurations
  6832 | D:4      | Killed Dowan
  7093 | D:5      | Killed a two-headed ogre
  7094 | D:5      | Reached XP level 9. HP: 39/57 MP: 8/15
  7147 | D:5      | Learned a level 5 spell: Lee's Rapid Deconstruction
  7440 | D:6      | Found a transporter.
  7441 | D:6      | Found a transporter.
  7441 | D:6      | Noticed DocClef's ghost (novice DsFi)
  7881 | D:6      | Reached *** piety under Sif Muna
  8397 | D:7      | Found a staircase to the Ecumenical Temple.
  8612 | D:7      | Reached skill level 5 in Spellcasting
  9459 | D:8      | Noticed Erica
  9556 | D:8      | Reached skill level 5 in Dodging
  9568 | D:8      | Noticed Pikel
  9866 | D:7      | Killed Pikel
  9867 | D:7      | Reached XP level 10. HP: 52/63 MP: 5/18
 10036 | D:8      | Identified the +6 dagger "Killer Klown's Regret" {freeze,
                  | rC+ rN+}
 10209 | D:7      | Killed Erica
 10855 | D:9      | Reached **** piety under Sif Muna
 10901 | D:9      | Reached skill level 1 in Fighting
 11094 | D:9      | Found a flagged portal.
 11220 | D:9      | Learned a level 4 spell: Sticky Flame
 11268 | D:9      | Found a staircase to the Lair.
 11339 | D:9      | Reached skill level 1 in Fire Magic
 11481 | D:9      | Noticed a two-headed ogre
 11996 | D:9      | Found a staircase to the Lair.
 12346 | D:9      | Killed a two-headed ogre
 12384 | Lair:1   | Entered Level 1 of the Lair of Beasts
 12384 | Lair:1   | Noticed a cane toad
 12385 | Lair:1   | Upgraded the game from 0.27-a0-1308-gc08437e49b to
                  | 0.27-a0-1312-g5cdb2b3542
 12387 | Lair:1   | Noticed an eight-headed hydra
 12402 | D:10     | Entered Level 10 of the Dungeon
 12406 | D:10     | Reached XP level 11. HP: 75/75 MP: 10/21
 13276 | D:10     | Reached ***** piety under Sif Muna
 14020 | D:11     | Found a frozen archway.
 14043 | IceCv    | Entered an ice cave
 14043 | IceCv    | Noticed a white ugly thing
 14069 | D:11     | Received a gift from Sif Muna
 14384 | D:11     | Noticed a boulder beetle
 14505 | D:11     | Noticed an eight-headed hydra
 14548 | D:11     | Found a staircase to the Orcish Mines.
 14697 | D:11     | Noticed a green ugly thing
 14754 | D:11     | Reached skill level 5 in Fighting
 15105 | D:9      | Found a staircase to the Lair.
 15469 | D:9      | Killed an eight-headed hydra
 16298 | Lair:1   | Learned a level 4 spell: Animate Dead
 17176 | Lair:2   | Reached skill level 5 in Necromancy
 17470 | Lair:2   | Reached XP level 12. HP: 89/89 MP: 8/24
 17759 | Lair:2   | Noticed Harold
 18178 | Lair:2   | Noticed a five-headed hydra
 18187 | Lair:2   | Killed a five-headed hydra
 18261 | Lair:2   | Noticed a four-headed hydra
 18277 | Lair:2   | Killed a four-headed hydra
 18379 | Lair:2   | Learned a level 6 spell: Statue Form
 19067 | Lair:3   | Noticed a five-headed hydra
 19084 | Lair:3   | Killed a five-headed hydra
 19085 | Lair:3   | Reached skill level 5 in Transmutations
 19130 | Lair:3   | Found a staircase to the Swamp.
 19219 | Lair:3   | Found a dark tunnel.
 19270 | Volcano  | Entered a volcano
 19308 | Volcano  | Reached skill level 10 in Earth Magic
 19373 | Volcano  | Noticed a red draconian
 19608 | Lair:2   | Killed Harold
 20218 | Lair:3   | Noticed Sonja
 20219 | Lair:3   | Noticed Rupert
 20222 | Lair:3   | Killed Sonja
 20592 | Lair:4   | Noticed a five-headed hydra
 20597 | Lair:4   | Killed a five-headed hydra
 21000 | Lair:4   | Noticed a six-headed hydra
 21048 | Lair:4   | Killed a six-headed hydra
 22277 | Lair:5   | Reached XP level 13. HP: 90/99 MP: 7/26
 23619 | Lair:5   | Reached skill level 10 in Spellcasting
 24367 | Lair:5   | Noticed Kirke
 24509 | Lair:5   | Identified Sif Muna's Papyrus of Companions and Black Magic
                  | (Sif Muna gifted it to you on level 5 of the Lair of
                  | Beasts)
 24509 | Lair:5   | Received a gift from Sif Muna
 24676 | Lair:5   | Killed Kirke
 25853 | Lair:5   | Found a staircase to the Slime Pits.
 25853 | Lair:5   | Found a viscous altar of Jiyva.
 26115 | Lair:4   | Reached skill level 10 in Transmutations
 26853 | Lair:6   | Entered Level 6 of the Lair of Beasts
 26853 | Lair:6   | Noticed Urug
 26881 | Lair:6   | Killed Urug
 26882 | Lair:6   | Reached XP level 14. HP: 108/108 MP: 16/28
 27109 | Lair:6   | Reached skill level 1 in Polearms
 29250 | Lair:5   | Identified Sif Muna's Handbook of Enthralling Poisoning
                  | (Sif Muna gifted it to you on level 5 of the Lair of
                  | Beasts)
 29250 | Lair:5   | Received a gift from Sif Muna
 30049 | Lair:3   | Found a staircase to the Snake Pit.
 30448 | D:9      | Learned a level 5 spell: Borgnjor's Vile Clutch
 31222 | D:11     | Reached skill level 5 in Polearms
 34996 | D:13     | Reached skill level 10 in Fighting
 35067 | D:13     | Reached XP level 15. HP: 115/115 MP: 19/30
 35695 | D:13     | Identified the Guide on Venom and the Voyage
 35697 | D:13     | Identified the +2 chain mail "Fustraot" {-Cast +Blink rN++
                  | rCorr}
 36841 | D:13     | Slain by a freezing wraith

Illustrated notes

Levels and vault maps discovered:
D:1:      minmay_arrival_jagged, layout_rooms, ebering_ecumenical_altar_rust,
          chequers_serial_rivers_small_a
D:2:      layout_basic, uniq_natasha, uniq_terence
D:3:      layout_basic, chequers_serial_rivers_room_b, minmay_pentangle
D:4:      layout_basic, st_stairs_3, uniq_duvessa
D:5:      cheibrodos_fzero, layout_cave_pools, kiku_gazebo_garden_becter,
          gammafunk_ghost_nasty_kobolds, grunt_decor_mini_mirrors
D:6:      layout_loops_ring, gammafunk_ghost_arena, patterned_corridor
D:7:      wad_crossroads, layout_rooms, minmay_temple_entry_statues_pillars
D:8:      layout_cave_pools, uniq_erica, uniq_pikel
D:9:      layout_irregular_city, erik_lair_island, enter_bailey_3
D:10:     layout_basic
D:11:     minmay_curly_fans, layout_rooms, minmay_orc_entry_temple_small,
          portal_ice_cave_entry_pillars_1
D:12:     nzn_motion_control, layout_basic
D:13:     layout_long_grid, minivault_15, grunt_ministairs_8,
          hangedman_decor_growths
D:14:     minmay_isolated_rectangles_in_corner, layout_loops_ring,
          skrybe_vaults_entry_preservation, nicolae_sextant, minivault_16
Lair:1:   layout_chaotic_city
Lair:2:   layout_cave_pods, serial_forest, infiniplex_forest_clump_cross,
          infiniplex_forest_clump_C, infiniplex_forest_clump_tiny,
          infiniplex_forest_clump_double, infiniplex_forest_lined_2,
          infiniplex_forest_lined_3_way, infiniplex_forest_3_way,
          infiniplex_forest_end_3, minmay_hedge_maze, uniq_harold
Lair:3:   layout_layer_cave, swamp_mist_pool, guppyfry_snake_entry_garden,
          nicolae_volcano_entry_two_sided, minivault_19, uniq_rupert, uniq_sonja
Lair:4:   layout_gridlike, hibernation_bobbens
Lair:5:   layout_roguey [special_room_mythical_zoo], slime_altar_1, uniq_kirke
Lair:6:   evilmike_catoblepas_cave, layout_misc_corridors, minivault_26,
          minivault_11, uniq_urug

Skill      XL: |  1  2  3  4  5  6  7  8  9 10 11 12 13 14 15 |
---------------+----------------------------------------------+-----
Spellcasting   | 3 4 5 7 8 9 10 11 | 11.7
Earth Magic    | 4 5 6 7 9 10 11 | 11.8
Conjurations   | 1 2 3 6 |  6.3
Necromancy     | 1 4 5 7 |  7.8
Dodging        | 5 7 8 |  8.0
Fighting       | 3 6 8 9 10 | 10.2
Fire Magic     | 2 3 |  3.9
Transmutations | 3 7 10 11 | 11.1
Polearms       | 6 7 |  7.0
Stealth        | |  3.0

Action                   |  1- 3 |  4- 6 |  7- 9 | 10-12 | 13-15 || total
-------------------------+-------+-------+-------+-------+-------++-------
Melee: Dagger            |    78 |    70 |    52 |   482 |    98 ||   780
       Bite              |     7 |     9 |     1 |    76 |    31 ||   124
       Unarmed           |     1 |       |       |       |       ||     1
       Demon trident     |       |       |       |       |   229 ||   229
Throw: Stone             |       |     2 |     2 |       |     2 ||     6
 Cast: Sandblast         |    32 |    47 |    87 |    34 |    10 ||   210
       Animate Skeleton  |       |       |     2 |     1 |       ||     3
       Stone Arrow       |       |       |    39 |   189 |   227 ||   455
       Lee's Rapid Decon |       |       |       |    65 |   129 ||   194
       Animate Dead      |       |       |       |     9 |     7 ||    16
       Statue Form       |       |       |       |       |    29 ||    29
       Borgnjor's Vile C |       |       |       |       |    14 ||    14
       Passwall          |       |       |       |       |     1 ||     1
 Abil: End Transformatio |       |       |       |       |     6 ||     6
Evoke: Wand              |       |       |     4 |     4 |     1 ||     9
  Use: Scroll            |     4 |       |    11 |     9 |     7 ||    31
       Potion            |     2 |     1 |       |     3 |     2 ||     8
 Stab: Sleeping          |     2 |     1 |     6 |       |       ||     9
       Distracted        |       |     1 |       |       |       ||     1
       Petrified         |       |       |       |       |     1 ||     1
Armor: Robe              |    41 |    18 |    31 |       |       ||    90
       Skin              |       |     2 |       |       |   189 ||   191
       Steam dragon scal |       |       |     8 |   157 |    68 ||   233
       Leather armour    |       |       |       |    10 |       ||    10
Dodge: Dodged            |    71 |    61 |    63 |   335 |   396 ||   926
       Rpst.: Long sword |       |       |     2 |       |       ||     2

Table legend: (Time is in decaauts)
 A = Elapsed time spent in this place.
 B = Non-inter-level travel time spent in this place.
 C = Inter-level travel time spent in this place.
 D = Time resting spent in this place.
 E = Time spent auto-exploring this place.
 F = Levels seen in this place.
 G = Mean time per level.
                   A        B        C        D        E       F      G
               +--------+--------+--------+--------+--------+-----+--------+
         Total |  37590 |  34687 |   2903 |  10756 |  12425 |  22 | 1708.6 |
       Dungeon |  22394 |  20438 |   1956 |   6490 |   6789 |  14 | 1599.6 |
          Lair |  15046 |  14099 |    947 |   4224 |   5636 |   6 | 2507.7 |
      Ice Cave |      5 |      5 |      0 |      0 |      0 |   1 |    5.0 |
       Volcano |    143 |    143 |      0 |     41 |      0 |   1 |  143.0 |
               +--------+--------+--------+--------+--------+-----+--------+

Top non-repeatable levels by time:
  Lair:4: 3506 daAuts
  Lair:5: 3285 daAuts
    D:10: 3078 daAuts
  Lair:6: 2911 daAuts
     D:9: 2662 daAuts
    D:13: 2552 daAuts
  Lair:2: 2535 daAuts
    D:12: 2005 daAuts
     D:4: 1801 daAuts
     D:2: 1593 daAuts
     D:3: 1520 daAuts
  Lair:3: 1439 daAuts
     D:5: 1435 daAuts
     D:7: 1417 daAuts
  Lair:1: 1368 daAuts
